 Dungeon Crawl Stone Soup version 0.31-a0-331-geda263fcf1 (webtiles) character file.

Game seed: 16703611569408513834

16027 drugrobin the Brawler (level 11, -7/75 HPs)
             Began as a Demigod Delver on July 19, 2023.
             Engulfed by a cloud of freezing vapour (14 damage)
             ... in an ice cave.
             The game lasted 00:34:53 (14420 turns).

drugrobin the Brawler (Demigod Delver)             Turns: 14420, Time: 00:34:53

Health: -7/75      AC: 12    Str: 21    XL:     11   Next: 76%
Magic:  14/14      EV: 12    Int: 12    God:
Gold:   427        SH:  0    Dex: 19    Spells: 9/10 levels left

rFire   . .          .
                       - Unarmed
rCold   . . .        S - melded +0 buckler {AC+3}
rNeg    . . .        T - +0 troll leather armour
rPois   .            P - +2 helmet
rElec   .            y - +0 cloak
rCorr   .            G - melded +0 pair of gloves
SInv    .            (no boots)
Will    +....        (no amulet)
Stlth   +++          h - +4 ring of protection
HPRegen 1.12/turn    N - +4 ring of protection
MPRegen 0.14/turn

%: no passive effects
@: blade hands, studying Maces & Flails
A: reduced hp, high MP 1, forlorn, divine attributes
a: Begin Untransformation


You were in an ice cave.
You had blades for hands.
You visited 1 branch of the dungeon, and saw 11 of its levels.
You also visited: Ice Cave.

You collected 702 gold pieces.
You spent 275 gold pieces at shops.

Inventory:

Hand Weapons
 b - a +1 shortbow of flaming
 c - a +2 dagger of venom
Missiles
 j - 30 poisoned darts
 q - 5 silver boomerangs
 A - 5 javelins
 M - a boomerang (quivered)
Armour
 x - a +2 robe of cold resistance
 y - a +0 cloak (worn)
 G - a +0 pair of gloves (melded)
 P - a +2 helmet (worn)
 S - a +0 buckler of protection (melded)
 T - a +0 troll leather armour (worn)
 V - +0 acid dragon scales
Magical Staves
 g - a staff of earth
 J - a staff of conjuration
Jewellery
 h - a +4 ring of protection (left blade hand)
 E - a ring of resist corrosion
 N - a +4 ring of protection (right blade hand)
Talismans
 C - a beast talisman
 D - a blade talisman
Wands
 f - a wand of digging (2)
 r - a wand of flame (41)
 Q - a wand of paralysis (3)
 R - a wand of mindburst (2)
 U - a wand of acid (5)
Scrolls
 i - 7 scrolls of teleportation {unknown}
 k - 4 scrolls of enchant weapon {unknown}
 l - a scroll of butterflies {unknown}
 o - a scroll of fog
 p - 6 scrolls of identify {unknown}
 t - a scroll of immolation
 w - a scroll of silence {unknown}
 z - 2 scrolls of vulnerability {unknown}
 H - a scroll of noise {unknown}
 I - 3 scrolls of blinking {unknown}
 K - 2 scrolls of enchant armour {unknown}
 O - a scroll of amnesia {unknown}
Potions
 a - a potion of might {unknown}
 d - a potion of curing
 e - 3 potions of haste
 m - a potion of magic {unknown}
 n - a potion of heal wounds {unknown}
 s - 3 potions of lignification {unknown}
 v - a potion of mutation {unknown}
 B - a potion of attraction {unknown}
 F - 2 potions of cancellation {unknown}
 L - a potion of brilliance {unknown}


   Skills:
 - Level 2.6 Fighting
 - Level 1.7 Dodging
 - Level 4.5 Stealth
 * Level 15.2 Unarmed Combat
 + Level 8.2 Shapeshifting


You had 9 spell levels left.
You knew the following spells:

 Your Spells              Type           Power      Damage    Failure   Level
a - Summon Small Mammal   Summ           0%         N/A       78%         1

Your spell library contained the following spells:

 Spells                   Type           Power      Damage    Failure   Level
 Apportation              Tloc           0%         N/A       78%         1
 Necrotise                Necr           0%         1d4       78%         1


Dungeon Overview and Level Annotations

Branches:
Dungeon (11/15)            Temple (0/1) D:7            Lair (0/5) D:8
    Orc (0/2) D:9           IceCv (1/1)

Shops:
D:6 (   D:10 *

Annotations:
D:9 exclusion: vampire
D:11 Snorg IceCv exclusion: ice statue


Innate Abilities, Weirdness & Mutations

You have blades for hands.
Your maximum health is decreased, since you lack skill for your form.
Your spellcasting is less reliable in this form.
You are incapable of wielding weapons or throwing items.
You have an increased reservoir of magic. (+10% MP)
You shall have no god before yourself.
Your divine heritage dramatically boosts your attributes as you level up.


Message History

You are engulfed in freezing vapours.
* * * LOW HITPOINT WARNING * * *
Unknown command.
Unknown command.
Okay, then.
Unknown command.
Slash: -) Blade hands
Press: ? - help, Dir - move target, f - ice beast
Aim: an ice beast (freezing vapour, summoned, about 28% to evade your blade hands)
Okay, then.
Unknown command.
You have blades for hands.
You are studying Maces & Flails.
Your movement speed is average.
Your attack delay is about 0.7.
Your damage rating with unarmed combat is about 39 (Base [15 + 15 (UC)] x 127% (Str) x 104% (Fight)).
Unknown command.
Unknown command.
Unknown command.
You slash the ice statue!
You destroy the ice statue!
The ice beast disappears in a puff of smoke!
You are engulfed in freezing vapours.
* * * LOW HITPOINT WARNING * * *
The ice statue glitters chillingly in the dim dungeon light.
The ice statue gestures.
The ice beast misses you.
Unknown command.
Unknown command.
Okay, then.
Unknown command.
Press: ? - help, v - describe, . - travel The floor.
There is a cloud of freezing vapour here.
You feel better.
You are engulfed in freezing vapours.
* * * LOW HITPOINT WARNING * * *
The ice beast hits you but does no damage.
Unknown command.
Unknown command.
Unknown command.
You feel better.
You are engulfed in freezing vapours.
You die...

##....# .§ ##.....# ○##
#......8 ○§# ####
#......###§○#######..##
#.....Y.#○§.##..##....#
##.....Y§§§###..........
#......○§○☼.#.......∩.∩.
#.....○Y°##....##.......
#.....○@####..#####....#
##...○○○☼# #### ##..##
##.#.#### #### # ##


You could see an ice statue and 3 ice beasts.

Vanquished Creatures
  3 two-headed ogres
  A centaur warrior (D:11)
  A tengu warrior (D:10)
  An ugly thing (D:7)
  A manticore (D:11)
  An ice statue (IceCv)
  2 komodo dragons (D:8)
  A kobold demonologist (D:9)
  2 unseen horrors (D:10)
  An efreet (D:10)
  An ice devil (IceCv)
  4 trolls
  A hornet (D:7)
  Sigmund (D:2)
  A steam dragon (D:7)
  22 yaks
  A wyvern (D:11)
  3 vampire mosquitoes (D:10)
  A harpy simulacrum (IceCv)
  5 water moccasins
  An acid dragon (D:11)
  5 orc warriors
  2 sky beasts
  An ice beast (D:7)
  3 black bears
  7 centaurs
  4 kobold brigands
  2 gnoll sergeants
  4 bullfrogs
  4 scorpions
  7 wights
  8 killer bees
  4 howler monkeys
  2 jellies
  Crazy Yiuf (D:3)
  2 orc priests
  3 hounds
  Natasha (thrice) (D:3)
  2 iguanas
  2 sleepcaps (D:8)
  Terence (D:2)
  6 orc wizards
  3 spriggan simulacra
  A troll simulacrum (D:11)
  A wolf simulacrum (IceCv)
  Robin (D:2)
  A mummy (D:10)
  19 gnolls
  10 adders
  3 naga simulacra
  A shadow imp (D:7)
  3 white imps
  3 ufetubi
  5 dart slugs
  32 orcs
  8 endoplasms
  6 giant cockroaches
  23 goblins
  13 hobgoblins
  3 jackals (D:1)
  25 kobolds
  2 quokkas (D:3)
  11 ball pythons
  7 bats
  7 frilled lizards
  3 rats
319 creatures vanquished.

Vanquished Creatures (others)
  A yak (D:11)
1 creature vanquished.

Grand Total: 320 creatures vanquished

Notes
Turn   | Place    | Note
-------+----------+-------------------------------------------
     0 | D:5      | drugrobin the Demigod Delver began the quest for the Orb.
     0 | D:5      | Reached XP level 1. HP: 18/18 MP: 3/3
    65 | D:4      | Reached skill level 2 in Unarmed Combat
    92 | D:3      | Noticed Natasha
   278 | D:2      | Noticed an orc wizard
   395 | D:1      | Reached XP level 2. HP: 24/25 MP: 4/4
   623 | D:1      | Reached skill level 3 in Unarmed Combat
   947 | D:1      | Reached XP level 3. HP: 27/30 MP: 5/5
  1222 | D:2      | Noticed Robin
  1377 | D:1      | Reached skill level 4 in Unarmed Combat
  1415 | D:1      | Reached XP level 4. HP: 36/37 MP: 6/6
  1442 | D:2      | Killed Robin
  1969 | D:2      | Noticed Sigmund
  1984 | D:2      | Killed Sigmund
  1985 | D:2      | Reached skill level 5 in Unarmed Combat
  1985 | D:2      | Reached XP level 5. HP: 42/42 MP: 7/7
  2334 | D:1      | Reached skill level 6 in Unarmed Combat
  2376 | D:2      | Reached XP level 6. HP: 50/50 MP: 8/8
  2420 | D:3      | Noticed Terence
  2456 | D:2      | Killed Terence
  2622 | D:3      | Killed Natasha
  2855 | D:3      | Found a runed translucent door.
  2856 | D:3      | Noticed Crazy Yiuf
  2932 | D:3      | Noticed Natasha
  3346 | D:3      | Killed Natasha
  3409 | D:3      | Killed Crazy Yiuf
  3410 | D:3      | Reached skill level 7 in Unarmed Combat
  3825 | D:3      | Noticed Natasha
  3832 | D:3      | Killed Natasha
  5062 | D:4      | Reached XP level 7. HP: 56/56 MP: 9/9
  5467 | D:5      | Reached skill level 1 in Shapeshifting
  5886 | D:5      | Reached skill level 8 in Unarmed Combat
  6577 | D:6      | Found Nas Isua's Hydra Hut.
  6578 | D:6      | Noticed an eight-headed hydra
  6972 | D:6      | Reached XP level 8. HP: 8/62 MP: 10/10
  7999 | D:7      | Reached skill level 9 in Unarmed Combat
  8144 | D:7      | Found a staircase to the Ecumenical Temple.
  8269 | D:7      | Noticed a hornet
  8284 | D:7      | Killed a hornet
  8417 | D:7      | Reached skill level 10 in Unarmed Combat
  8710 | D:7      | Reached XP level 9. HP: 59/68 MP: 11/11
  8747 | D:7      | Noticed a purple ugly thing
  8761 | D:7      | Killed a purple ugly thing
  9247 | D:8      | Noticed a komodo dragon
  9440 | D:8      | Reached skill level 11 in Unarmed Combat
  9449 | D:8      | Killed a komodo dragon
  9450 | D:8      | Reached skill level 5 in Shapeshifting
  9488 | D:8      | Found a staircase to the Lair.
  9749 | D:8      | Reached XP level 10. HP: 67/74 MP: 13/13
  9760 | D:8      | Reached skill level 12 in Unarmed Combat
  9842 | D:8      | Noticed a two-headed ogre
  9866 | D:8      | Killed a two-headed ogre
 11119 | D:9      | Reached skill level 13 in Unarmed Combat
 12060 | D:9      | Found a staircase to the Orcish Mines.
 12256 | D:10     | Entered Level 10 of the Dungeon
 12293 | D:10     | Found Johoupti's Demolitions Depot.
 12331 | D:10     | Identified the +4 trident of Taxation {drain, rN+}
 12555 | D:10     | Reached XP level 11. HP: 74/81 MP: 14/14
 12745 | D:10     | Noticed a tengu warrior
 12763 | D:10     | Killed a tengu warrior
 12769 | D:10     | Reached skill level 14 in Unarmed Combat
 12965 | D:10     | Noticed a two-headed ogre
 12985 | D:10     | Killed a two-headed ogre
 13566 | D:10     | Bought a scroll of immolation for 44 gold pieces
 13566 | D:10     | Bought a wand of acid (5) for 231 gold pieces
 13635 | D:10     | Learned a level 1 spell: Summon Small Mammal
 14014 | D:11     | Noticed a centaur warrior
 14034 | D:11     | Killed a centaur warrior
 14135 | D:11     | Found a frozen archway.
 14166 | D:11     | Noticed a two-headed ogre
 14176 | D:11     | Noticed Snorg
 14179 | D:11     | Reached skill level 15 in Unarmed Combat
 14184 | D:11     | Killed a two-headed ogre
 14194 | D:11     | HP: 4/81 [naga simulacrum (12)]
 14201 | IceCv    | Entered an ice cave
 14418 | IceCv    | HP: 3/74 [something (8)]
 14419 | IceCv    | HP: 1/75 [something (8)]
 14420 | IceCv    | Engulfed by a cloud of freezing vapour

Illustrated notes

Levels and vault maps discovered:
D:1:      elethiomel_arrival_infinity_welcomes_careful_drivers, layout_basic,
          minmay_quantized
D:2:      layout_basic, minmay_misc_feat_doors, uniq_robin, uniq_sigmund
D:3:      layout_loops_ring, mainiacjoe_overflow_boulevard, dk_noncrumbling_4,
          minmay_pentomino_pile, uniq_natasha, uniq_crazy_yiuf_cottage,
          uniq_terence
D:4:      layout_gridville
D:5:      layout_loops_ring, dreamdust_princess_corridor
D:6:      layout_cave_pods, mainiacjoe_overflow_alcove_4,
          mainiacjoe_overflow_concentric_impassable, nicolae_ru_awakened_eye,
          doesnt_shop_hydraphobe
D:7:      layout_basic, chequers_temple_overflow_statue_of_worship,
          minmay_temple_entry_ruins, enter_bailey_6, minmay_manual_mail
D:8:      layout_basic, lemuel_coloured_pillars_altar,
          gammafunk_temple_overflow_elements, due_lair_maze_entry_diamond
D:9:      layout_basic, nicolae_uskayaw_murder_on_the_dancefloor, orc_0_dummy
D:10:     cheibrodos_barr_body, layout_basic, chei_slow_surprise,
          nicolae_blasting_shop
D:11:     layout_basic, portal_ice_cave_entry_ice_simulacra,
          kennysheep_orc_sif_temple, uniq_snorg
IceCv:    ice_cave_small_demon

Skill      XL: |  1  2  3  4  5  6  7  8  9 10 11 |
---------------+----------------------------------+-----
Unarmed Combat | 2 3 4 5 6 7 8 10 11 13 15 | 15.2
Shapeshifting  | 2 4 5 7 8 |  8.2
Fighting       | |  2.6
Dodging        | |  1.7
Stealth        | |  4.5

Action                     |  1- 3 |  4- 6 |  7- 9 | 10-12 || total
---------------------------+-------+-------+-------+-------++-------
  Melee: Unarmed           |   162 |   175 |   214 |   338 ||   889
         Dagger            |    17 |    56 |   166 |    56 ||   295
         Punch             |     1 |     8 |    19 |    26 ||    54
   Fire: Sling             |       |     3 |       |       ||     3
  Throw: Boomerang         |       |       |     3 |    11 ||    14
         Dart              |       |       |       |     2 ||     2
  Evoke: Wand              |       |       |     3 |     3 ||     6
    Use: Scroll            |     2 |       |       |     2 ||     4
         Potion            |       |       |     2 |     2 ||     4
   Stab: Sleeping          |    10 |    11 |     5 |     2 ||    28
         Distracted        |       |       |     1 |     2 ||     3
         Paralysed         |       |       |       |     4 ||     4
 Armour: Leather armour    |     6 |     1 |       |       ||     7
         Ring mail         |    79 |     8 |       |       ||    87
         Animal skin       |       |     8 |       |       ||     8
         Robe              |       |    56 |   173 |   135 ||   364
         Troll leather arm |       |       |       |    61 ||    61
  Dodge: Dodged            |   126 |   106 |   211 |   242 ||   685
  Block: Buckler           |       |       |       |    24 ||    24
   Form: Beast             |       |     1 |       |     2 ||     3
                           |       |       |       |     2 ||     2
         Blade             |       |       |       |     1 ||     1

Table legend: (Time is in decaauts)
 A = Elapsed time spent in this place.
 B = Non-inter-level travel time spent in this place.
 C = Inter-level travel time spent in this place.
 D = Time resting spent in this place.
 E = Time spent auto-exploring this place.
 F = Levels seen in this place.
 G = Mean time per level.
                   A        B        C        D        E       F      G
               +--------+--------+--------+--------+--------+-----+--------+
         Total |  14256 |  13624 |    632 |   1484 |   8485 |  12 | 1188.0 |
       Dungeon |  14045 |  13413 |    632 |   1388 |   8453 |  11 | 1276.8 |
      Ice Cave |    211 |    211 |      0 |     96 |     32 |   1 |  211.0 |
               +--------+--------+--------+--------+--------+-----+--------+

Top non-repeatable levels by time:
     D:3: 2313 daAuts
     D:9: 1674 daAuts
     D:8: 1519 daAuts
     D:7: 1470 daAuts
    D:10: 1388 daAuts
     D:6: 1325 daAuts
     D:2: 1203 daAuts
     D:5: 1112 daAuts
     D:1: 1089 daAuts
     D:4: 775 daAuts
   IceCv: 211 daAuts
    D:11: 173 daAuts
